 Dungeon Crawl Stone Soup version 0.22.0 (webtiles) character file.

1626 CyclopB the Cutter (level 8, -5/60 HPs)
             Began as a Mummy Monk on Dec 31, 2018.
             Slain by Menkaure (20 damage)
             ... on level 7 of the Dungeon.
             The game lasted 00:38:14 (6824 turns).

CyclopB the Cutter (Mummy Monk)                     Turns: 6824, Time: 00:38:15

Health: -5/60      AC:  8    Str: 16    XL:     8   Next: 65%
Magic:  9/9        EV: 13    Int:  9    God:
Gold:   301        SH:  0    Dex: 15    Spells: 7/7 levels left

rFire    x . .     SeeInvis .   F - +1 dagger (elec)
rCold    + . .     Gourm    .   (no shield)
rNeg     + + +     Faith    .   t - +2 ring mail {MR+}
rPois    ∞         Spirit   .   (no helmet)
rElec    .         Reflect  .   v - +0 cloak
rCorr    .         Harm     .   (no gloves)
MR       ++...                  (no boots)
Stlth    +.........             u - amulet of magic regeneration
HPRegen  0.20/turn              (no ring)
MPRegen  0.36/turn              (no ring)

@: no status effects
A: no food or potions, fire vulnerability, cold resistance 1, negative energy
resistance 3, torment resistance, unbreathing
a: no special abilities


You were on level 7 of the Dungeon.
You were not hungry.

You visited 2 branches of the dungeon, and saw 8 of its levels.

You collected 301 gold pieces.

Inventory:

Hand Weapons
 i - a +0 hunting sling
 m - a +1 dagger of draining
 s - a +0 blowgun
 F - a +1 dagger of electrocution (weapon)
 G - a +2 glaive of freezing
Missiles
 b - 59 sling bullets
 c - 144 stones (quivered)
 f - 5 tomahawks of dispersal
 g - 48 bolts
 h - 93 arrows
 p - 26 poisoned needles
 w - 10 tomahawks
Armour
 r - a +0 scale mail
 t - a +2 ring mail of magic resistance (worn)
 v - a +0 cloak (worn)
 A - a +1 robe of magic resistance
 B - a cursed +0 scale mail
Jewellery
 u - an amulet of magic regeneration (around neck)
 x - an uncursed amulet of the gourmand {unknown}
Wands
 n - a wand of random effects (13)
 o - a wand of disintegration (29)
 D - a wand of paralysis (17)
 E - a wand of iceblast (5)
Scrolls
 a - a scroll of immolation {unknown}
 d - 2 scrolls of identify
 e - 4 scrolls of remove curse
 j - a scroll of blinking {unknown}
 k - 2 scrolls of amnesia
 l - 3 scrolls of magic mapping
 q - 2 scrolls of teleportation {unknown}
 y - a scroll of acquirement {unknown}
 z - a scroll of fear {unknown}
 C - a scroll of random uselessness {unknown}


   Skills:
 - Level 4.0 Fighting
 + Level 7.4 Short Blades
 - Level 2.0 Slings
 - Level 5.0 Dodging
 - Level 1.5 Stealth
 - Level 2.0 Evocations


You had 7 spell levels left.
You didn't know any spells.
Your spell library was empty.

Dungeon Overview and Level Annotations

Branches:
Dungeon (7/15)             Temple (1/1) D:6

Altars:
Ashenzari
Cheibriados
Dithmenos
Elyvilon
Fedhas
Hepliaklqana
Makhleb
Nemelex Xobeh
Okawaru
Qazlal
Ru
Sif Muna
Trog
Uskayaw
Vehumet
Wu Jian
Xom
Yredelemnul
Zin
The Shining One

Shops:
D:6 (

Annotations:
D:3 2 transporters
D:4 1 runed door
D:7 Menkaure


Innate Abilities, Weirdness & Mutations

You do not eat or drink.
Your flesh is vulnerable to fire.
You are immune to poison.
Your flesh is cold resistant. (rC+)
You are immune to negative energy. (rN+++)
You are immune to unholy pain and torment.
You can survive without breathing.


Message History

The adder skeleton barely misses you.
Evoke which item? (* to show all) (? for menu, Esc to quit)
Okay, then.
Unknown command.
You hit the adder skeleton.
Lightning courses through the adder skeleton!
You destroy the adder skeleton!
You hit Menkaure but do no damage.
Menkaure is almost destroyed.
Menkaure barely misses you.
You hit Menkaure but do no damage.
Menkaure is almost destroyed.
You hit Menkaure but do no damage.
Menkaure is almost destroyed.
Menkaure hits you!!
* * * LOW HITPOINT WARNING * * *
You completely miss Menkaure.
Menkaure is almost destroyed.
Menkaure hits you!!
You die...

...#..###.....#
.#.#..##......#
......##......#####
.........._....#..
...#####.....#.#.#
... #...J.#.#.####
... #.##....J....#
..
#.##.##.#M##.##.#
..
##...#.#.#@......#
.........#.......#
...########<##.#.##
### #.# ..... #.#
#.# #.# .# #.. #
###


You could see Menkaure and a jelly.

Vanquished Creatures
  A hippogriff (D:6)
  A sky beast (D:5)
  A phantom (D:4)
  A black bear (D:6)
  4 ogres
  Blork the orc (D:5)
  A bullfrog (D:6)
  2 scorpions
  A howler monkey (D:4)
  A crimson imp (D:3)
  A jelly (D:6)
  An orc priest (D:4)
  2 hounds
  A centaur skeleton (D:4)
  Jessica (D:2)
  Terence (D:3)
  Natasha (D:3)
  2 worker ants
  A killer bee zombie (D:6)
  Robin (D:2)
  4 gnolls
  11 adders
  2 oozes
  An adder skeleton (D:7)
  4 worms
  5 dart slugs
  A leopard gecko (D:5)
  6 orcs
  6 giant cockroaches
  13 goblins
  8 hobgoblins
  5 jackals
  A quokka (D:3)
  3 ball pythons
  8 bats
  6 frilled lizards
  2 jackal skeletons
  6 kobolds
  A quokka zombie (D:6)
  7 rats
126 creatures vanquished.

Notes
Turn   | Place    | Note
-------+----------+-------------------------------------------
     0 | D:1      | CyclopB the Mummy Monk began the quest for the Orb.
     0 | D:1      | Reached XP level 1. HP: 18/18 MP: 1/1
   267 | D:1      | Reached XP level 2. HP: 19/24 MP: 2/2
   359 | D:1      | Reached skill level 3 in Short Blades
   751 | D:1      | Reached XP level 3. HP: 26/29 MP: 3/3
  1177 | D:2      | Noticed Jessica
  1220 | D:2      | Noticed Robin
  1516 | D:2      | Killed Jessica
  1516 | D:2      | Reached XP level 4. HP: 35/35 MP: 4/4
  1941 | D:2      | Reached skill level 4 in Short Blades
  2178 | D:2      | Killed Robin
  2269 | D:2      | Reached skill level 1 in Slings
  2281 | D:2      | Reached XP level 5. HP: 41/41 MP: 5/5
  2317 | D:2      | Found a glowing silver altar of Zin.
  2369 | D:2      | Found a snail-covered altar of Cheibriados.
  2695 | D:3      | Found a transporter.
  2719 | D:3      | Found a faded altar of an unknown god.
  2843 | D:3      | Noticed Terence
  2861 | D:3      | Killed Terence
  3022 | D:3      | Reached XP level 6. HP: 41/47 MP: 6/6
  3307 | D:3      | Found a transporter.
  3325 | D:3      | Noticed Natasha
  3328 | D:3      | Killed Natasha
  3799 | D:4      | Found a stormy altar of Qazlal.
  3850 | D:4      | Reached skill level 5 in Short Blades
  3932 | D:4      | Found a blossoming altar of Fedhas.
  3948 | D:4      | Found a deep blue altar of Sif Muna.
  4027 | D:4      | Reached XP level 7. HP: 42/52 MP: 7/7
  4501 | D:4      | Found a runed door.
  4554 | D:4      | Reached skill level 6 in Short Blades
  5049 | D:5      | Entered Level 5 of the Dungeon
  5060 | D:5      | Reached skill level 5 in Dodging
  5336 | D:5      | Noticed Blork the orc
  5345 | D:5      | Killed Blork the orc
  5345 | D:5      | Reached skill level 1 in Evocations
  5345 | D:5      | Reached XP level 8. HP: 48/58 MP: 7/9
  5504 | D:5      | Noticed a gargoyle
  5650 | D:6      | Found a sparkling altar of Nemelex Xobeh.
  5991 | D:6      | Found an iron altar of Okawaru.
  5997 | D:6      | Noticed a hippogriff
  6032 | D:6      | Killed a hippogriff
  6032 | D:6      | Reached skill level 7 in Short Blades
  6303 | D:6      | Found a staircase to the Ecumenical Temple.
  6306 | D:6      | Found Jupa's Weapon Shoppe.
  6429 | Temple   | Entered the Ecumenical Temple
  6754 | D:7      | Found a hide-covered altar of Uskayaw.
  6787 | D:7      | Found an ornate altar of the Wu Jian Council.
  6792 | D:7      | Noticed Menkaure
  6824 | D:7      | Slain by Menkaure

Skill      XL: |  1  2  3  4  5  6  7  8 |
---------------+-------------------------+-----
Short Blades   | 3 4 5 6 7 |  7.4
Dodging        | 3 4 5 |  5.0
Slings         | 1 2 |  2.0
Evocations     | 1 2 |  2.0
Fighting       | 4 |  4.0
Stealth        | |  1.5

Action                   |  1- 3 |  4- 6 |  7- 9 || total
-------------------------+-------+-------+-------++-------
Melee: Short sword       |    95 |    26 |       ||   121
       Dagger            |       |   207 |   148 ||   355
 Fire: Hunting sling     |    11 |    89 |    53 ||   153
Throw: Stone             |     3 |    32 |     1 ||    36
Evoke: Wand              |       |     1 |    14 ||    15
  Use: Scroll            |       |     2 |     3 ||     5
 Stab: Sleeping          |     2 |       |       ||     2
Armor: Robe              |    13 |       |       ||    13
       Leather armour    |    10 |    26 |       ||    36
       Ring mail         |       |     1 |    27 ||    28
Dodge: Dodged            |    80 |   136 |    72 ||   288
